cohdb
Replays
Latest Replays
All Replays
Popular Replays
Top Player Replays
Match Explorer
How It Works
Community
CoH3 Stats
Reddit
Sign in to upload your games and track your stats! →
Sign in with Steam
Match 43309445
Unlisted
Match 43309445
Overview
Messages
Build Orders
End
Scout Squad
Construct Barracks
1⁄4-ton 4x4 Truck
Riflemen Squad
Riflemen Squad
Engineer Squad
Construct Weapon Support Center
Infantry Support Center
Riflemen Squad
M3 Armored Personnel Carrier
Selects Heavy Weapons
Selects Assault Carriers
Selects Exchangeable Parts
M3 Assault Carrier
Construct Medical Station
M1918 Browning Automatic Rifles
Advanced Logistics
Engineer Squad
M1919 Machine Gun Team
Bazooka Squad
Improved M9 Bazooka Rockets
Grenade Package
woof_raff
cwstatic
0
0
Comments
sign in to comment!
No comments posted yet!